 Dungeon Crawl Stone Soup version bcrawl-1.14 (webtiles) character file.

Game seed: 6399332252337852564

24682 MisterOstroum the Bludgeoner (level 12, -2/121 HPs)
             Began as a Minotaur Archaeologist on Sept 14, 2019.
             Was an Initiate of Gozag.
             Slain by a six-headed hydra (9 damage)
             ... on level 4 of the Lair of Beasts.
             The game lasted 00:28:04 (15440 turns).

MisterOstroum the Bludgeoner (MiAc)                Turns: 15440, Time: 00:28:05

Health: -2/121     AC: 16    Str: 22    XL:     12   Next: 82%
Magic:  14/14      EV:  6    Int: 11    God:    Gozag
Gold:   2393       SH: 10    Dex:  8    Spells: 11/11 levels left

rFire    + + .     SeeInvis .   c - +4 morningstar (distort)
rCold    + . .     Gourm    .   a - +0 shield
rNeg     + . .     Faith    .   G - +1 plate armour {rF+}
rPois    +         Spirit   .   f - -2 hat of the Alchemist {rElec rPois rF+ rC+ rN+ MR+ rMut rCorr}
rElec    +         Reflect  .   (no cloak)
rCorr    +         Harm     .   w - +0 pair of gloves
rMut     +                      d - +1 pair of boots
MR       +....                  (no amulet)
Stlth    ..........             v - ring of stealth
HPRegen  0.30/turn              B - ring of resist corrosion
MPRegen  0.14/turn

@: no status effects
A: retaliatory headbutt, horns 2
a: Potion Petition, Call Merchant, Bribe Branch, Renounce Religion


You were on level 4 of the Lair of Beasts.
You worshipped Gozag.
Gozag was most pleased with you.
You were not hungry.

You visited 2 branches of the dungeon, and saw 13 of its levels.

You collected 2460 gold pieces.
You spent 32 gold pieces at shops.
You paid 35 gold pieces to Gozag.

Inventory:

Hand Weapons
 c - a +4 morningstar of distortion (weapon)
Missiles
 m - 2236 stones
 t - 28 javelins (quivered)
Armour
 a - a +0 shield (worn)
 d - a +1 pair of boots (worn)
 f - the -2 hat of the Alchemist (worn) {rElec rPois rF+ rC+ rN+ MR+ rMut rCorr}

   It protects you from fire.
   It protects you from cold.
   It insulates you from electricity.
   It protects you from poison.
   It protects you from negative energy.
   It affects your resistance to hostile enchantments.
   It provides partial protection from all sources of acid and corrosion.
   It protects you from mutation.
 w - a +0 pair of gloves (worn)
 G - a +1 plate armour of fire resistance (worn)
Jewellery
 v - a ring of stealth (left hand)
 B - a ring of resist corrosion (right hand)
 H - an uncursed amulet of faith
Wands
 F - a wand of flame (18)
 J - a wand of digging (8)
 L - a wand of enslavement (6)
Scrolls
 b - 4 scrolls of fog
 i - 4 scrolls of remove curse
 j - a scroll of magic mapping {unknown}
 k - 3 scrolls of enchant armour
 o - 4 scrolls of teleportation {@r3 !r}
 s - 6 scrolls of amnesia
 x - 4 scrolls of blinking
 y - 2 scrolls of noise {unknown}
 A - 3 scrolls of fear
 E - 2 scrolls of immolation
 I - a scroll of torment {unknown}
 O - a scroll of summoning {unknown}
Potions
 g - 2 potions of degeneration {unknown}
 h - 7 potions of flight
 l - 4 potions of heal wounds
 p - a potion of invisibility {unknown}
 r - 4 potions of haste
 u - 4 potions of brilliance
 z - 2 potions of ambrosia {unknown}
 C - 4 potions of curing {@q1 !q}
 D - a potion of cancellation {unknown}
 K - 2 potions of might {unknown}
 N - 2 potions of agility
Comestibles
 e - 15 rations {!d}


   Skills:
 + Level 15.6 Fighting
 - Level 16.0 Maces & Flails
 - Level 8.4 Armour
 - Level 5.1 Dodging
 - Level 2.6 Stealth
 + Level 5.8 Shields
 - Level 4.4 Evocations


You had 11 spell levels left.
You didn't know any spells.
Your spell library contained the following spells:

 Spells                   Type           Power        Failure   Level  Hunger
 Magic Dart               Conj           #...         100%        1    ##.....
 Sandblast                Erth           #.....       100%        1    ##.....
 Passwall                 Tmut/Erth      #.......     100%        2    ###....
 Searing Ray              Conj           #.....       100%        2    ###....
 Iskenderun's Mystic Bla  Conj           #.......     100%        3    ####...
 Stone Arrow              Conj/Erth      #.....       100%        3    ####...
 Fulminant Prism          Conj/Hex       #.........   100%        4    #####..
 Ice Form                 Ice/Tmut       #.......     100%        4    #####..
 Petrify                  Tmut/Erth      #.......     100%        4    #####..
 Irradiate                Conj/Tmut      #.........   100%        5    ######.
 Lee's Rapid Deconstruct  Erth           #.........   100%        5    ######.
 Metabolic Englaciation   Hex/Ice        #.........   100%        5    ######.
 Bolt of Cold             Conj/Ice       #.........   100%        6    #######
 Freezing Cloud           Conj/Ice/Air   #.........   100%        6    #######
 Ozocubu's Refrigeration  Ice            #.........   100%        6    #######
 Simulacrum               Ice/Necr       #.........   100%        6    #######


Dungeon Overview and Level Annotations

Branches:
Dungeon (9/12)             Temple (0/1) D:6            Lair (4/6) D:7
 Spider (0/3) Lair:4
  Swamp: Lair:2-4    Shoals: Lair:2-4       Orc: D:8-11

Altars:
Fedhas
Gozag
Lugonu
Qazlal
Sif Muna
Vehumet
Wu Jian
Xom
Zin

Shops:
D:5 *

Annotations:
Lair:2 Gastronok


Innate Abilities, Weirdness & Mutations

You reflexively headbutt those who attack you in melee.
You have a pair of horns on your head.


Message History

The swamp worm throws harpoon shot at you.
You block the harpoon shot.
The swamp worm becomes distracted by your gold, dreaming of imaginary riches.
The iguana bites you!
Your unstable footing causes you to fumble your attack.
You stick the iguana like a pincushion!!!
You kill the iguana!
The swamp worm throws harpoon shot at you.
The harpoon shot hits you!
The swamp worm throws harpoon shot at you.
The harpoon shot hits you!
You are yanked forward by the harpoon shot.
The swamp worm bites you!
You bludgeon the swamp worm!!
Space bends around the swamp worm.
The swamp worm is almost dead.
The swamp worm is no longer distracted by gold.
You bludgeon the swamp worm!!
You kill the swamp worm!
You block the swamp worm's attack.
You see here 5 gold pieces.
Your shield and plate armour prevent you from hitting the swamp worm.
You headbutt the swamp worm!
The swamp worm is lightly wounded.
The swamp worm bites you!
You closely miss the swamp worm. You headbutt the swamp worm.
The swamp worm is moderately wounded.
The swamp worm bites you.
You hit the swamp worm.
Space bends around the swamp worm.
The swamp worm is heavily wounded.
The swamp worm bites you but does no damage.
You puncture the swamp worm!
The swamp worm is severely wounded.
The swamp worm disappears!
No target in view!
No target in view!
No target in view!
A six-headed hydra comes into view.
A six-headed hydra is nearby!
The six-headed hydra roars!
You sock the six-headed hydra!
The six-headed hydra is moderately wounded.
The six-headed hydra blinks!
You see here 5 gold pieces.
The six-headed hydra barely misses you. The six-headed hydra bites you! x2
You block the six-headed hydra's attack.
The six-headed hydra bites you but does no damage.
The six-headed hydra barely misses you.
You are too injured to fight recklessly!
You are too injured to fight recklessly!
You sock the six-headed hydra!
The six-headed hydra is moderately wounded.
The six-headed hydra blinks!
Your shield and plate armour prevent you from hitting the six-headed hydra.
The six-headed hydra is moderately wounded.
A swamp worm comes into view.
You puncture the six-headed hydra!
Space warps horribly around the six-headed hydra!
The six-headed hydra is severely wounded.
You block the six-headed hydra's attack. x2
The six-headed hydra barely misses you. The six-headed hydra bites you! x2
The six-headed hydra bites you but does no damage.
You barely miss the six-headed hydra.
The six-headed hydra is severely wounded.
The six-headed hydra bites you but does no damage.
You block the six-headed hydra's attack.
The six-headed hydra bites you! The six-headed hydra bites you.
* * * LOW HITPOINT WARNING * * *
The six-headed hydra bites you but does no damage.
The six-headed hydra bites you.
* * * LOW HITPOINT WARNING * * *
The swamp worm throws harpoon shot at you.
The harpoon shot hits you!
* * * LOW HITPOINT WARNING * * *
You are yanked forward by the harpoon shot.
An eight-headed hydra comes into view.
Evoke which item? (* to show all) (? for menu, Esc to quit)
Aiming: Enslavement
Press: ? - help, Shift-Dir - straight line, f - swamp worm
Aim: a swamp worm (thin mist, chance to defeat MR: 67%)
The swamp worm is charmed.
You barely miss the eight-headed hydra. You headbutt the eight-headed hydra!
The eight-headed hydra is lightly wounded.
The eight-headed hydra bites you.
* * * LOW HITPOINT WARNING * * *
The eight-headed hydra bites you.
* * * LOW HITPOINT WARNING * * *
The eight-headed hydra bites you but does no damage.
You block the eight-headed hydra's attack.
The eight-headed hydra bites you!
* * * LOW HITPOINT WARNING * * *
You block the eight-headed hydra's attack.
The eight-headed hydra bites you but does no damage.
The eight-headed hydra bites you.
* * * LOW HITPOINT WARNING * * *
Your plate armour prevents you from hitting the six-headed hydra.
The six-headed hydra is heavily wounded.
You block the six-headed hydra's attack.
The six-headed hydra bites you!
You die...
Your body crumbles into a pile of gold.

#.P..## #### ♣.....###
###..#######♣♣♣♣♣♣♣..♣♣...# ###
#...........♣≈≈≈≈≈≈...♣♣.## #.###
#...........♣≈≈≈≈≈≈≈≈♣♣..####.#..
...........♣♣≈≈≈≈≈≈$♣♣#....#.....
#...>.......♣♣≈≈≈≈...♣♣..........
.............♣♣♣♣$..♣♣.♣#####.##.
#...........♣♣§w@D.♣♣♣♣ ####.
#..........♣♣♣§D♣♣♣♣ ##.
#.(......[..♣♣.. #..
#..........♣♣..♣ ##.
########....♣.. #.. ###..♣≈§ ##.
##..#♣♣ ## ###...# # ####....##


You could see an eight-headed hydra, a six-headed hydra and a friendly swamp
worm.

Vanquished Creatures
  A hydra (Lair:3)
  Fannar (Lair:2)
  Erica (D:8)
  6 death yaks
  A wolf spider zombie (D:8)
  A black mamba (Lair:4)
  7 cane toads
  A torpor snail (Lair:2)
  A rime drake (Lair:4)
  2 ice devils (Lair:3)
  3 komodo dragons
  A tyrant leech (Lair:4)
  A polar bear (Lair:3)
  2 jumping spiders (Lair:4)
  17 blink frogs (Lair:4)
  A hornet (D:7)
  4 slime creatures
  2 redbacks (Lair:4)
  3 hippogriffs
  2 spriggans (Lair:3)
  A hungry ghost (D:8)
  2 wyverns
  2 basilisks (Lair:4)
  21 yaks
  Edmund (D:6)
  A swamp worm (Lair:4)
  An acid dragon (Lair:2)
  3 water moccasins
  7 porcupines
  An orc warrior (D:6)
  A phantom (D:6)
  A sky beast (D:8)
  A black bear (Lair:3)
  An ogre (D:7)
  8 wolves (Lair:3)
  A centaur (D:8)
  4 crocodiles
  9 bullfrogs
  A big kobold (D:8)
  A wyvern zombie (D:6)
  3 scorpions
  4 killer bees
  5 wights (D:6)
  3 howler monkeys
  A bullfrog zombie (D:5)
  3 crimson imps
  A jelly (D:5)
  An orc priest (D:6)
  3 bullfrog skeletons
  Terence (D:2)
  2 iguanas
  5 worker ants
  A hound zombie (D:4)
  A worker ant zombie (D:3)
  8 adders
  An adder zombie (D:8)
  2 oozes
  3 adder skeletons
  4 worms
  3 dart slugs
  8 leopard geckos
  8 orcs
  2 ball pythons
  4 bats
  6 giant cockroaches
  11 hobgoblins
  11 jackals
  17 kobolds
  4 quokkas
  3 frilled lizards
  2 goblins (D:1)
  5 rats
262 creatures vanquished.

Vanquished Creatures (others)
  6 fungi
  2 plants (Lair:4)
8 creatures vanquished.

Grand Total: 270 creatures vanquished

Notes
Turn   | Place    | Note
-------+----------+-------------------------------------------
     0 | D:1      | MisterOstroum the Minotaur Archaeologist began the quest
                  | for the Orb.
     0 | D:1      | Reached XP level 1. HP: 16/16 MP: 0/0
   219 | D:1      | Reached XP level 2. HP: 25/25 MP: 1/1
   536 | D:1      | Reached XP level 3. HP: 33/33 MP: 2/2
   857 | D:1      | Reached skill level 1 in Armour
  1122 | D:2      | Found a radiant altar of Vehumet.
  1400 | D:2      | Reached XP level 4. HP: 35/40 MP: 3/3
  1581 | D:2      | Noticed Terence
  1606 | D:2      | Killed Terence
  1775 | D:2      | Reached skill level 5 in Armour
  1924 | D:2      | Found a shimmering blue altar of Sif Muna.
  2257 | D:3      | Reached XP level 5. HP: 46/46 MP: 4/4
  2423 | D:3      | Found an opulent altar of Gozag.
  2431 | D:3      | Became a worshipper of Gozag Ym Sagoz the Greedy
  3438 | D:4      | Reached XP level 6. HP: 52/52 MP: 5/5
  3642 | D:4      | Found a shimmering altar of Xom.
  3772 | D:4      | Found a corrupted altar of Lugonu.
  3855 | D:4      | Reached skill level 1 in Shields
  4026 | D:5      | Entered Level 5 of the Dungeon
  4050 | D:5      | Reached skill level 2 in Maces & Flails
  4172 | D:5      | Found a glowing silver altar of Zin.
  4416 | D:5      | Found Raaqahirph's General Store.
  4419 | D:5      | Bought a throwing net for 4 gold pieces
  4419 | D:5      | Bought a scroll of identify for 28 gold pieces
  4581 | D:5      | Reached XP level 7. HP: 59/60 MP: 6/6
  4721 | D:6      | Reached skill level 5 in Fighting
  4721 | D:6      | Reached skill level 3 in Maces & Flails
  4851 | D:6      | Noticed Edmund
  4857 | D:6      | Reached skill level 4 in Maces & Flails
  4863 | D:6      | Killed Edmund
  4863 | D:6      | Reached skill level 5 in Maces & Flails
  4975 | D:6      | Found a staircase to the Ecumenical Temple.
  5022 | D:6      | Found a blossoming altar of Fedhas.
  5264 | D:6      | Reached XP level 8. HP: 68/68 MP: 7/7
  5452 | D:7      | Reached skill level 6 in Maces & Flails
  5581 | D:7      | Noticed a death yak
  5581 | D:7      | Noticed a death yak
  5624 | D:7      | Noticed a death yak
  5626 | D:7      | Noticed a death yak
  5626 | D:7      | Noticed a death yak
  5626 | D:7      | Noticed a death yak
  5628 | D:7      | Found a staircase to the Lair.
  5630 | D:7      | Noticed a death yak
  6107 | D:7      | Noticed a hornet
  6121 | D:7      | Killed a hornet
  6121 | D:7      | Reached skill level 7 in Maces & Flails
  6205 | D:7      | Noticed a slime creature
  6205 | D:7      | Noticed a slime creature
  6259 | Lair:1   | Entered Level 1 of the Lair of Beasts
  6313 | Lair:1   | Noticed a cane toad
  6324 | Lair:1   | Killed a cane toad
  6324 | Lair:1   | Reached skill level 8 in Maces & Flails
  6582 | Lair:1   | Noticed a komodo dragon
  6583 | Lair:1   | Noticed a komodo dragon
  6611 | Lair:1   | Killed a komodo dragon
  6611 | Lair:1   | Reached skill level 9 in Maces & Flails
  6611 | Lair:1   | Reached XP level 9. HP: 60/79 MP: 8/8
  6612 | Lair:1   | Killed a komodo dragon
  6843 | Lair:1   | Reached skill level 10 in Maces & Flails
  7297 | Lair:2   | Noticed a cane toad
  7776 | Lair:2   | Noticed a komodo dragon
  7779 | Lair:2   | Killed a komodo dragon
  8031 | Lair:2   | Noticed a torpor snail
  8031 | Lair:2   | Noticed Fannar
  8423 | D:8      | Reached skill level 10 in Fighting
  8530 | D:8      | Reached skill level 1 in Evocations
  8670 | D:8      | Noticed Erica
  8725 | D:8      | Killed Erica
  8725 | D:8      | Reached XP level 10. HP: 46/93 MP: 9/12
  9002 | D:8      | Found an ornate altar of the Wu Jian Council.
  9719 | D:8      | Reached skill level 5 in Dodging
  9948 | D:8      | Found a stormy altar of Qazlal.
 10089 | D:8      | Reached skill level 11 in Maces & Flails
 10131 | D:9      | Noticed a centaur warrior
 10368 | D:7      | Killed a death yak
 10554 | D:6      | Killed a death yak
 10730 | D:6      | Killed a death yak
 10730 | D:6      | Reached skill level 12 in Maces & Flails
 11003 | D:6      | Reached XP level 11. HP: 93/104 MP: 13/13
 11095 | D:7      | Killed a death yak
 11186 | D:7      | Killed a death yak
 11193 | D:7      | Killed a death yak
 11570 | Lair:2   | Reached skill level 13 in Maces & Flails
 11870 | Lair:2   | Killed Fannar
 12132 | Lair:2   | Noticed Gastronok
 12734 | Lair:3   | Noticed a five-headed hydra
 12745 | Lair:3   | Killed a five-headed hydra
 12745 | Lair:3   | Reached skill level 14 in Maces & Flails
 12803 | Lair:3   | Reached XP level 12. HP: 77/117 MP: 14/14
 14143 | Lair:4   | Found a hole to the Spider Nest.
 14156 | Lair:4   | Reached skill level 15 in Maces & Flails
 14540 | Lair:4   | Reached skill level 15 in Fighting
 14961 | Lair:4   | Reached skill level 16 in Maces & Flails
 14989 | Lair:4   | Reached skill level 5 in Shields
 15426 | Lair:4   | Noticed a six-headed hydra
 15437 | Lair:4   | Noticed an eight-headed hydra
 15440 | Lair:4   | Slain by a six-headed hydra

Skill      XL: |  1  2  3  4  5  6  7  8  9 10 11 12 |
---------------+-------------------------------------+-----
Fighting       | 2 3 4 5 7 10 11 14 15 | 15.6
Armour         | 3 5 8 |  8.4
Shields        | 2 4 5 |  5.8
Maces & Flails | 2 5 9 10 12 14 16 | 16.0
Dodging        | 4 5 |  5.1
Evocations     | 4 |  4.4
Stealth        | |  2.6

Action                   |  1- 3 |  4- 6 |  7- 9 | 10-12 || total
-------------------------+-------+-------+-------+-------++-------
Melee: Whip              |   128 |   225 |       |       ||   353
       Headbutt          |    13 |    36 |    26 |    80 ||   155
       Morningstar       |       |    25 |   208 |   429 ||   662
Throw: Javelin           |       |       |    22 |    43 ||    65
       Stone             |       |       |     7 |     1 ||     8
       Throwing net      |       |       |     1 |       ||     1
Invok: Potion Petition   |       |       |       |     1 ||     1
Evoke: Wand              |       |       |     3 |     1 ||     4
  Use: Scroll            |       |     9 |     1 |     9 ||    19
 Stab: Sleeping          |     4 |     3 |       |       ||     7
       Distracted        |       |     1 |       |     2 ||     3
  Eat: Chunk             |     2 |     3 |       |       ||     5
       Ration            |       |     2 |     5 |     6 ||    13
Armor: Robe              |    22 |       |       |       ||    22
       Ring mail         |    27 |    85 |       |       ||   112
       Plate armour      |       |       |   145 |   196 ||   341
Dodge: Dodged            |    87 |   143 |    69 |   119 ||   418
Block: Buckler           |       |     4 |    37 |    57 ||    98
       Shield            |       |       |       |    19 ||    19
